 Dungeon Crawl Stone Soup version 0.32-a0-996-gb3226c233f (webtiles) character file.

Game seed: 6276763371866631534

114814 ragingrage the Marksdemigod (level 15, -1/102 (113) HPs)
             Began as a Demigod Shapeshifter on Apr 24, 2024.
             Slain by Donald
             ... wielding a +1 demon trident of draining
              (37 damage)
             ... on level 4 of the Swamp.
             The game lasted 00:52:54 (37064 turns).

ragingrage the Marksdemigod (Demigod Shapeshifter) Turns: 37064, Time: 00:52:54

HP:   -1/102 (113)  AC: 19    Str: 22    XL:     15   Next: 69%
MP:   18/18         EV: 29    Int: 12    God:
Gold: 2202          SH:  0    Dex: 29    Spells: 12/14 levels left

rFire   . . .        L - +0 longbow (elec)
rCold   . . .        (shield currently unavailable)
rNeg    . . .        g - +0 swamp dragon scales
rPois   +            V - +2 helmet
rElec   .            l - +0 cloak
rCorr   .            v - +2 pair of gloves {Str+3}
SInv    .            J - +2 pair of boots
Will    +....        x - amulet of regeneration
Stlth   ++           p - ring of flight
HPRegen 1.17/turn    R - +5 ring of evasion
MPRegen 0.16/turn

%: no passive effects
@: flying, drained
A: high MP 1, forlorn, divine attributes
a: no special abilities


You were on level 4 of the Swamp.
You visited 4 branches of the dungeon, and saw 26 of its levels.

You collected 2922 gold pieces.
You spent 720 gold pieces at shops.

Inventory:

Hand Weapons
 L - a +0 longbow of electrocution (weapon)
Missiles
 E - a throwing net
 Z - 9 curare-tipped darts
Armour
 c - a +2 leather armour of willpower
 g - +0 swamp dragon scales (worn)
 l - a +0 cloak (worn)
 v - a +2 pair of gloves of strength (worn)
 J - a +2 pair of boots (worn)
 U - a +2 robe of cold resistance
 V - a +2 helmet (worn)
Jewellery
 m - a ring of protection from fire
 p - a ring of flight (left hand)
 x - an amulet of regeneration (around neck)
 H - a ring of poison resistance
 R - a +5 ring of evasion (right hand)
 T - a ring of ice
 X - a ring of positive energy
Wands
 b - a wand of mindburst (5)
 r - a wand of warping (10)
 y - a wand of paralysis (6)
 F - a wand of acid (2)
 K - a wand of digging (13)
 N - a wand of polymorph (28)
 Q - a wand of flame (20)
Scrolls
 f - 4 scrolls of amnesia
 i - 3 scrolls of fog
 j - 3 scrolls of fear
 n - 4 scrolls of teleportation
 q - a scroll of torment {unknown}
 s - 2 scrolls of immolation
 u - 5 scrolls of revelation
 D - 5 scrolls of noise
 M - 2 scrolls of silence
 S - 7 scrolls of vulnerability
 W - 4 scrolls of blinking
Potions
 a - 3 potions of cancellation
 d - 2 potions of brilliance {unknown}
 e - 6 potions of resistance
 h - 3 potions of attraction
 k - 9 potions of curing
 o - 5 potions of heal wounds
 t - 3 potions of haste
 w - 2 potions of enlightenment
 z - a potion of magic {unknown}
 A - a potion of might {unknown}
 B - 4 potions of ambrosia
 C - 2 potions of invisibility {unknown}
 G - 2 potions of mutation {unknown}
 I - 2 potions of berserk rage {unknown}
 P - 4 potions of degeneration {unknown}
 Y - 2 potions of lignification
Miscellaneous
 O - a Gell's gravitambourine (inert)


   Skills:
 - Level 5.0 Fighting
 - Level 20.0 Ranged Weapons
 - Level 5.5 Armour
 + Level 13.9 Dodging
 - Level 3.0 Stealth
 - Level 3.0 Shields
 - Level 5.1 Unarmed Combat
 - Level 4.0 Translocations
 - Level 4.0 Evocations
 - Level 4.3 Shapeshifting


You had 12 spell levels left.
You knew the following spells:

 Your Spells              Type           Power      Damage    Failure   Level
a - Blink                 Tloc           18%        N/A       14%         2

Your spell library contained the following spells:

 Spells                   Type           Power      Damage    Failure   Level
 Lesser Beckoning         Tloc           18%        N/A       14%         2
 Teleport Other           Tloc           9%         N/A       28%         3
 Momentum Strike          Conj/Tloc      8%         3d8       32%         2
 Necrotise                Necr           0%         1d4       45%         1
 Cigotuvi's Dreadful Rot  Necr/Alch/Air  0%         N/A       58%         2
 Vampiric Draining        Necr           0%         2d6       83%         3
 Ignite Poison            Fire/Alch      0%         N/A       99%         4
 Martyr's Knell           Necr/Summ      0%         N/A       99%         4
 Olgreb's Toxic Radiance  Alch           0%         N/A       99%         4
 Summon Lightning Spire   Summ/Air       0%         N/A       99%         4
 Arcjolt                  Conj/Air       0%         1d10      100%        5
 Curse of Agony           Necr           0%         N/A       100%        5
 Freezing Cloud           Conj/Ice/Air   0%         6-21      100%        5
 Iskenderun's Battlesphe  Conj           0%         2d6       100%        5
 Bombard                  Conj/Erth      0%         9d1       100%        6
 Dispersal                Tloc           4%         N/A       100%        6
 Gell's Gavotte           Tloc           4%         2d(13-19) 100%        6
 Ozocubu's Refrigeration  Ice            0%         4d7       100%        7
 Spellforged Servitor     Conj/Summ      0%         N/A       100%        7
 Discord                  Hex            0%         N/A       100%        8
 Maxwell's Capacitive Co  Air            0%         ∞         100%        8


Dungeon Overview and Level Annotations

Branches:
Dungeon (15/15)            Temple (0/1) D:7            Lair (5/5) D:9
  Swamp (4/4) Lair:3        Snake (0/4) Lair:2        Slime (0/5) Lair:5
    Orc (2/2) D:12            Elf (0/3) Orc:2        Vaults (0/5) D:13
 Depths (0/4) D:15

Shops:
D:7 [   D:9 *:   Orc:1 *   Orc:2 ::(:

Annotations:
D:5 exclusion: downstairs, Edmund
D:7 Jeremiah
D:8 exclusion: manticore
D:9 exclusion: downstairs
D:12 2 runed translucent doors, Ynuats's ghost, journeyman MiGl
D:14 exclusion: downstairs
D:15 Louise
Lair:3 exclusions: 3 doors and 1 more exclusion
Lair:5 1 exclusion
Swamp:4 Donald


Innate Abilities, Weirdness & Mutations

You have an increased reservoir of magic. (+10% MP)
You shall have no god before yourself.
Your divine heritage dramatically boosts your attributes as you level up.


Message History

Press: ? - help, Q - select action, (/) - cycle Shift-Dir - straight line, f - Donald
Aim: Donald, wielding a +1 demon trident of draining, wearing a +1 crystal plate armour and wearing a +0 kite shield of poison resistance (severely wounded, fast, strong, bound in place, 83% to hit)
You shoot an arrow.
Donald blocks the arrow.
Fire: L) +0 longbow (elec)
Press: ? - help, Q - select action, (/) - cycle Shift-Dir - straight line, f/p - Donald
Aim: Donald, wielding a +1 demon trident of draining, wearing a +1 crystal plate armour and wearing a +0 kite shield of poison resistance (severely wounded, fast, strong, bound in place, 83% to hit)
You shoot an arrow. The arrow hits Donald.
Fire: L) +0 longbow (elec)
Press: ? - help, Q - select action, (/) - cycle Shift-Dir - straight line, f/p - Donald
Aim: Donald, wielding a +1 demon trident of draining, wearing a +1 crystal plate armour and wearing a +0 kite shield of poison resistance (severely wounded, fast, strong, bound in place, 83% to hit)
You shoot an arrow.
Donald blocks the arrow.
Aiming: Corrosive Bolt
Press: ? - help, Shift-Dir - straight line, f/p - Donald
Aim: Donald, wielding a +1 demon trident of draining, wearing a +1 crystal plate armour and wearing a +0 kite shield of poison resistance (severely wounded, fast, strong, bound in place, 88% to hit)
The bolt of acid misses Donald.
Donald says, "This is such a pointless quest."
Aiming: Corrosive Bolt
Press: ? - help, Shift-Dir - straight line, f/p - Donald
Aim: Donald, wielding a +1 demon trident of draining, wearing a +1 crystal plate armour and wearing a +0 kite shield of poison resistance (severely wounded, fast, strong, bound in place, 88% to hit)
The bolt of acid hits Donald.
The acid corrodes Donald!
Aiming: Corrosive Bolt
Press: ? - help, Shift-Dir - straight line, f/p - Donald
Aim: Donald, wielding a +1 demon trident of draining, wearing a +1 crystal plate armour and wearing a +0 kite shield of poison resistance (severely wounded, fast, strong, covered in acid, 88% to hit)
The bolt of acid hits Donald!
Donald seems to be corroded for longer.
Donald says, "At least there's some dry land.
I hate getting wet."
Donald misses you.
Fire: L) +0 longbow (elec)
Press: ? - help, Q - select action, (/) - cycle Shift-Dir - straight line, f/p - Donald
Aim: Donald, wielding a +1 demon trident of draining, wearing a +1 crystal plate armour and wearing a +0 kite shield of poison resistance (severely wounded, fast, strong, covered in acid, 83% to hit)
You shoot an arrow.
Donald blocks the arrow.
Donald hits you from afar with a +1 demon trident of draining!!
You feel drained.
Fire: L) +0 longbow (elec)
Press: ? - help, Q - select action, (/) - cycle Shift-Dir - straight line, f/p - Donald
Aim: Donald, wielding a +1 demon trident of draining, wearing a +1 crystal plate armour and wearing a +0 kite shield of poison resistance (severely wounded, fast, strong, covered in acid, 83% to hit)
You shoot an arrow.
The arrow hits Donald but does no damage.
Donald hits you from afar with a +1 demon trident of draining!!!
You die...
Donald says, "Well, maybe you weren't so bad after all."

♣ §~♣♣..~ ♣~ ~.~~~~.
♣♣♣~♣♣ ♣♣~!.§~~♣
♣♣♣~~~~~♣♣~..~~~~♣
~.....~~.♣.~~~♣.~.
♣.~~..~~~§.~~~...~(
♣~~~.~~~§~.....~~†~
♣♣♣..§~~~~~~~@.@.~~~~
♣~♣♣~~~~.~~~~~~~~~~§.
♣♣.~~~~~~....§~~~....~
♣♣~~~.♣.......~~~~♣♣~♣~
♣<.~♣..~.~~~.♣♣♣♣♣♣ ..
♣§~~....~~~~~♣ ~
☼~○♣~.~.§~~~~♣ ~~§
♣♣~♣♣....~~)♣♣♣
~.~~~.... ♣♣♣♣~.§~~.♣♣
~.~§~~~~..♣


You could see Donald (fast, strong, corroded).

Vanquished Creatures
  Jorgrun (D:15)
  Rupert (Lair:5)
  Kirke (D:12)
  A fire giant (D:15)
  3 eleionomae
  5 bunyips
  A shambling mangrove (Swamp:1)
  A vault guard (D:13)
  Fannar (D:11)
  7 hydras
  2 ghost crabs (Swamp:3)
  A catoblepas (Lair:5)
  4 two-headed ogres
  6 alligators
  A tengu warrior (D:15)
  3 boulder beetles
  Urug (Orc:1)
  Nergalle (Orc:2)
  5 orc high priests (Orc:2)
  4 goliath frogs
  Amaemon (Lair:1)
  4 skysharks
  A spriggan druid (Swamp:1)
  A bog body (Swamp:2)
  4 swamp dragons
  4 obsidian bats
  10 ugly things
  11 orc knights
  2 deep elf pyromancers
  An oklob plant (Lair:5)
  An orc sorcerer (Orc:2)
  2 manticores
  A will-o-the-wisp (Swamp:2)
  21 elephants
  A salamander (Lair:2)
  2 cyclopes
  3 kobold blastminers (Orc:2)
  An ice statue (D:13)
  4 black mambas
  2 torpor snails (Lair:1)
  2 gargoyles
  An orange demon (Lair:1)
  10 cane toads
  6 rime drakes
  A freezing wraith (D:14)
  2 unseen horrors (D:11)
  12 komodo dragons
  A kobold demonologist (D:8)
  An efreet (D:14)
  A hornet (shapeshifter) (D:13)
  7 trolls
  5 tyrant leeches
  2 bloated husks
  A merfolk (D:8)
  5 hornets
  Prince Ribbit (D:7)
  12 dream sheep
  Grinder (D:5)
  18 blink frogs
  A slime creature (D:13)
  5 shadows
  4 wraiths
  14 wyverns
  2 spriggans
  50 yaks
  A vampire (D:11)
  7 hogs
  3 wargs
  2 basilisks
  4 steam dragons
  3 nagas (Lair:2)
  7 vampire mosquitoes (Swamp:2)
  5 acid dragons
  20 swamp worms
  19 water moccasins
  2 ice beasts
  10 black bears
  39 orc warriors
  A sky beast (D:6)
  A crocodile (Orc:1)
  2 ogres
  18 wolves
  A phantom (D:6)
  8 centaurs
  6 kobold brigands
  A gnoll sergeant (D:8)
  19 bullfrogs
  3 scorpions
  18 wights
  13 killer bees
  8 electric eels
  2 howler monkeys (D:9)
  4 bombardier beetles
  2 hounds (D:5)
  4 gnoll boudas
  44 orc priests
  A jelly (D:5)
  3 iguanas
  25 orc wizards
  4 gnolls (D:7)
  7 adders
  A shadow imp (D:6)
  A white imp (D:6)
  7 dart slugs
  101 orcs
  8 ball pythons
  7 endoplasms
  7 giant cockroaches
  6 hobgoblins
  5 quokkas
  10 bats
  A frilled lizard (D:1)
  5 goblins
  17 kobolds
  7 rats
792 creatures vanquished.

Vanquished Creatures (others)
  A human (D:13)
  4 foxfires (Swamp:2)
5 creatures vanquished.

Grand Total: 797 creatures vanquished

Notes
Turn   | Place    | Note
-------+----------+-------------------------------------------
     0 | D:1      | ragingrage the Demigod Shapeshifter began the quest for the
                  | Orb.
     0 | D:1      | Reached XP level 1. HP: 15/15 MP: 3/3
   117 | D:1      | Reached skill level 1 in Stealth
   140 | D:1      | Reached XP level 2. HP: 13/22 MP: 4/4
   851 | D:1      | Reached XP level 3. HP: 26/27 MP: 5/5
  1881 | D:2      | Reached XP level 4. HP: 31/34 MP: 6/6
  2817 | D:3      | Reached XP level 5. HP: 37/39 MP: 7/7
  3473 | D:4      | Identified the +1 rapier "Edwyisoch" {freeze, rF- rCorr
                  | SInv}
  3502 | D:4      | Reached skill level 5 in Unarmed Combat
  3685 | D:4      | Reached XP level 6. HP: 46/46 MP: 8/8
  4041 | D:5      | Entered Level 5 of the Dungeon
  4157 | D:5      | Reached skill level 1 in Ranged Weapons
  4298 | D:5      | Reached skill level 1 in Fighting
  4333 | D:5      | Noticed Grinder
  4339 | D:5      | Paralysed by Grinder for 5 turns
  4348 | D:5      | Killed Grinder
  4349 | D:5      | Reached XP level 7. HP: 57/57 MP: 9/9
  4516 | D:5      | Noticed Edmund
  4872 | D:5      | Reached skill level 2 in Ranged Weapons
  5206 | D:5      | Reached skill level 3 in Ranged Weapons
  5473 | D:6      | Reached skill level 4 in Ranged Weapons
  5652 | D:6      | Reached skill level 5 in Ranged Weapons
  5835 | D:6      | Reached XP level 8. HP: 31/63 MP: 10/10
  6019 | D:6      | Reached skill level 6 in Ranged Weapons
  6237 | D:6      | Reached skill level 7 in Ranged Weapons
  6846 | D:7      | Reached skill level 8 in Ranged Weapons
  6950 | D:7      | Found a staircase to the Ecumenical Temple.
  6978 | D:7      | Noticed Prince Ribbit
  6990 | D:7      | Killed Prince Ribbit
  7002 | D:7      | Found Zedobbap's Antique Armour Shoppe.
  7011 | D:7      | Bought a pair of embroidered gloves for 180 gold pieces
  7113 | D:7      | Noticed Jeremiah
  7218 | D:7      | Reached skill level 9 in Ranged Weapons
  7218 | D:7      | Reached XP level 9. HP: 69/69 MP: 11/11
  7805 | D:8      | Reached skill level 10 in Ranged Weapons
  8392 | D:8      | Reached skill level 11 in Ranged Weapons
  8535 | D:8      | Identified the amulet "Rebroz" {Faith rF+ Str-5 Dex+5}
  8765 | D:8      | Noticed a kobold demonologist
  8770 | D:8      | Noticed a rust devil
  8916 | D:8      | Killed a kobold demonologist
  9296 | D:8      | Reached XP level 10. HP: 74/77 MP: 13/13
  9331 | D:8      | Reached skill level 12 in Ranged Weapons
  9974 | D:8      | Reached skill level 13 in Ranged Weapons
 10481 | D:8      | Noticed a manticore
 11722 | D:9      | Reached skill level 14 in Ranged Weapons
 11774 | D:9      | Found a staircase to the Lair.
 11861 | D:10     | Entered Level 10 of the Dungeon
 11902 | D:9      | Noticed an elephant
 12036 | D:9      | Killed an elephant
 12087 | D:9      | Found Baguv's General Store.
 12179 | D:9      | Found Ruetuup's Tiny Tomes.
 12577 | D:9      | Reached XP level 11. HP: 61/85 MP: 14/14
 12824 | D:9      | Reached skill level 5 in Fighting
 14388 | D:9      | Paralysed by a hornet for 2 turns
 16106 | D:11     | Noticed Fannar
 16474 | D:11     | Killed Fannar
 16738 | D:11     | Reached skill level 5 in Dodging
 16881 | Lair:1   | Entered Level 1 of the Lair of Beasts
 16894 | Lair:1   | Noticed Amaemon
 16923 | Lair:1   | Killed Amaemon
 17114 | Lair:1   | Reached skill level 15 in Ranged Weapons
 17536 | Lair:1   | You are sucked into a shaft and drop 1 floor!
 17552 | Lair:2   | Reached XP level 12. HP: 94/94 MP: 15/15
 19304 | Lair:2   | Found a staircase to the Snake Pit.
 19842 | Lair:3   | Reached skill level 16 in Ranged Weapons
 20081 | Lair:3   | Noticed an eight-headed hydra
 20173 | Lair:3   | Killed an eight-headed hydra
 20491 | Lair:3   | Found a staircase to the Swamp.
 20638 | Lair:3   | Reached skill level 1 in Armour
 20896 | Lair:3   | Noticed a boulder beetle
 21152 | Lair:3   | Killed a boulder beetle
 21157 | Lair:3   | Noticed a four-headed hydra
 21173 | Lair:2   | Killed a four-headed hydra
 21174 | Lair:2   | Reached XP level 13. HP: 74/100 MP: 16/16
 21863 | Lair:4   | Reached skill level 10 in Dodging
 22539 | Lair:5   | Entered Level 5 of the Lair of Beasts
 22654 | Lair:4   | Reached skill level 17 in Ranged Weapons
 22684 | Lair:4   | Reached skill level 5 in Armour
 23350 | Lair:5   | Noticed Rupert
 23676 | Lair:5   | Found a staircase to the Slime Pits.
 23816 | Lair:4   | Reached skill level 18 in Ranged Weapons
 25208 | Lair:5   | Killed Rupert
 25209 | Lair:5   | Reached skill level 1 in Shields
 25209 | Lair:5   | Reached XP level 14. HP: 107/107 MP: 17/17
 26985 | D:12     | Found a staircase to the Orcish Mines.
 27131 | D:12     | Found a runed translucent door.
 27208 | D:12     | Noticed Ynuats's ghost (journeyman MiGl)
 27208 | D:12     | Noticed a lich
 27294 | D:12     | Found a runed translucent door.
 27537 | D:13     | Noticed Kirke
 27706 | D:12     | Killed Kirke
 28577 | D:13     | Found a gate to the Vaults.
 28730 | Orc:1    | Entered Level 1 of the Orcish Mines
 28730 | Orc:1    | Found Jips's Mayhem Merchandise.
 28751 | Orc:1    | Noticed Urug
 28754 | Orc:1    | Killed Urug
 28839 | Orc:2    | Entered Level 2 of the Orcish Mines
 28864 | Orc:2    | Found a staircase to the Elven Halls.
 28892 | Orc:1    | Noticed Nergalle
 28909 | Orc:2    | Killed Nergalle
 29164 | D:12     | Reached skill level 19 in Ranged Weapons
 29849 | Orc:1    | Noticed Sonja
 29850 | Orc:1    | Sonja changed into Sonja the crocodile
 29850 | Orc:1    | Noticed Sonja
 29855 | Orc:1    | Killed Sonja the crocodile
 30081 | Orc:2    | Reached skill level 1 in Evocations
 31465 | Orc:2    | Found Giwodawn's Book Emporium.
 31465 | Orc:2    | Found Efade's Book Emporium.
 31466 | Orc:2    | Found Bahay's Book Emporium.
 31466 | Orc:2    | Found Puof's Antique Weapon Shoppe.
 31477 | Orc:2    | Bought a book of Spatial Translocations for 252 gold pieces
 31480 | Orc:2    | Learned a level 2 spell: Blink
 31824 | D:14     | Identified a scroll of acquirement
 31855 | D:14     | Acquired 732 gold pieces
 32204 | Orc:2    | Bought a slimy shortbow for 288 gold pieces
 32204 | Orc:2    | Identified the +8 shortbow of Impeachment {flame, Will+
                  | Int+2} (You bought it in a shop on level 2 of the Orcish
                  | Mines)
 32350 | D:14     | Reached skill level 1 in Translocations
 32748 | D:14     | Reached XP level 15. HP: 113/113 MP: 18/18
 32889 | D:15     | Entered Level 15 of the Dungeon
 32889 | D:15     | Noticed a fire giant
 32889 | D:15     | Found a staircase to the Depths.
 32893 | D:15     | Killed a fire giant
 32904 | D:15     | Noticed Jorgrun
 33046 | D:15     | Killed Jorgrun
 33101 | D:15     | Noticed Louise
 33376 | Swamp:1  | Entered Level 1 of the Swamp
 33835 | Swamp:1  | Paralysed by a hornet for 1 turns
 35861 | Swamp:2  | You are sucked into a shaft and drop 1 floor!
 35875 | Swamp:4  | Entered Level 4 of the Swamp
 36101 | Swamp:3  | Reached skill level 20 in Ranged Weapons
 37039 | Swamp:4  | Noticed Donald
 37064 | Swamp:4  | Slain by Donald

Illustrated notes

Levels and vault maps discovered:
D:1:      onia_arrival_pyramid, layout_basic, grunt_decor_clamped
D:2:      layout_loops_ring, kennysheep_path_1
D:3:      layout_loops_ring, minmay_stone_trees_small
D:4:      layout_basic
D:5:      layout_basic, uniq_edmund, uniq_grinder
D:6:      layout_rooms, serial_bayou, serial_bayou_lake_a,
          serial_bayou_lagoon_a, serial_bayou_shore_a, serial_bayou_pond_c,
          serial_bayou_pond_b
D:7:      layout_gridville, cheibriados_altar_1, minmay_temple_entry_offerings,
          serial_shops, shop, hex_large, uniq_prince_ribbit1, uniq_jeremiah
D:8:      kennysheep_town
D:9:      layout_irregular_city, mainiacjoe_overflow_tiny_flanked,
          mainiacjoe_overflow_catwalk, david_lair_generic, serial_shops,
          nicolae_shop_pleasant_corner_grove,
          nicolae_shop_i_like_small_books_too, kennysheep_small_square
D:10:     layout_rooms
D:11:     layout_irregular_city, serial_glass, glass_columns_c, glass_columns_b,
          uniq_fannar
D:12:     layout_rooms, david_orc_5, muffindrake_ghost_dual_entry
D:13:     layout_long_grid, david_vaults_5, minivault_16, uniq_kirke
D:14:     layout_rooms, skrybe_limestone_x, hellmonk_sif_muna_bookshelves
D:15:     grunt_enter_depths_giant_problem, layout_rooms, serial_shops,
          nicolae_shop_tiny_waterfront, palyth_stone_intersect, uniq_jorgrun,
          uniq_louise
Lair:1:   layout_chaotic_city, gauntlet_entry_generic, serial_bayou_pond_e,
          infiniplex_staircase_pool, uniq_amaemon
Lair:2:   layout_roguey, alex1729_snake_entry_snake
Lair:3:   nzn_winding_woodlands_stair_cross [nzn_winding_woodlands_5x15_twine,
          nzn_winding_woodlands_center_pierced_h,
          nzn_winding_woodlands_5x15_pool, nzn_winding_woodlands_5x5_open_star,
          nzn_winding_woodlands_5x5_default, nzn_winding_woodlands_5x15_eye,
          nzn_winding_woodlands_center_garden,
          nzn_winding_woodlands_5x15_river_crossing], layout_chaotic_city,
          minmay_swamp_entry_reptiles, portal_ice_cave_demonic_guard
Lair:4:   layout_roguey, small_statue_intersection, lemuel_fruit_tree
Lair:5:   evilmike_catoblepas_cave, layout_loops_ring, slime_entry_1,
          grunt_megastairs_3, infiniplex_staircase_pool_2, uniq_rupert
Swamp:1:  layout_falls_marsh, nicolae_swamp_well_well_well
Swamp:2:  layout_falls_marsh, serial_swamp_ruin, evilmike_swamp_ruin_house_6,
          evilmike_swamp_ruin_house_2, nicolae_swamp_decorative_isthmus
Swamp:3:  layout_falls_marsh, evilmike_swamp_ruin_rubble_2
Swamp:4:  swamp_old_school, layout_basic_swamp, uniq_donald
Orc:1:    layout_caves, basic_altar, minmay_shop_mayhem, uniq_sonja,
          uniq_nergalle, uniq_urug
Orc:2:    st_orc_pillars, layout_diamond_mine, basic_altar

Skill      XL: |  1  2  3  4  5  6  7  8  9 10 11 12 13 14 15 |
---------------+----------------------------------------------+-----
Unarmed Combat | 3 4 5 |  5.1
Stealth        | 1 2 3 |  3.0
Shapeshifting  | 3 4 |  4.3
Ranged Weapons | 1 5 9 11 14 15 16 18 19 20 | 20.0
Fighting       | 3 4 5 |  5.0
Dodging        | 6 9 10 12 13 | 13.9
Armour         | 2 5 |  5.5
Shields        | 1 3 |  3.0
Evocations     | 3 4 |  4.0
Translocations | 1 4 |  4.0

Action                     |  1- 3 |  4- 6 |  7- 9 | 10-12 | 13-15 || total
---------------------------+-------+-------+-------+-------+-------++-------
  Melee: Unarmed           |   108 |    78 |    96 |   112 |    16 ||   410
         Punch             |     1 |       |       |     2 |       ||     3
   Fire: Sling             |    24 |   123 |   397 |  1755 |  1059 ||  3358
         Longbow           |       |       |       |       |  1369 ||  1369
  Throw: Dart              |       |       |       |    12 |     6 ||    18
         Throwing net      |       |       |       |     1 |       ||     1
  Evoke: Wand              |       |       |     4 |     5 |    11 ||    20
         Gell's gravitambo |       |       |       |     2 |     5 ||     7
    Use: Scroll            |       |     5 |     5 |    11 |    12 ||    33
         Potion            |       |     3 |     3 |     2 |     2 ||    10
   Stab: Sleeping          |     2 |       |     1 |       |       ||     3
         Distracted        |       |       |       |     1 |       ||     1
 Armour: Animal skin       |    66 |    21 |       |       |       ||    87
         Ring mail         |       |    31 |   225 |   180 |       ||   436
         Skin              |       |    11 |     2 |     9 |     9 ||    31
         Steam dragon scal |       |       |       |   488 |   555 ||  1043
         Leather armour    |       |       |       |       |    82 ||    82
         Swamp dragon scal |       |       |       |       |    63 ||    63
         Acid dragon scale |       |       |       |       |     7 ||     7
  Dodge: Dodged            |    76 |    31 |   132 |   659 |  1554 ||  2452
  Block: Buckler           |     6 |    16 |    58 |   175 |   302 ||   557
         Form:             |       |       |     1 |       |       ||     1

Table legend: (Time is in decaauts)
 A = Elapsed time spent in this place.
 B = Non-inter-level travel time spent in this place.
 C = Inter-level travel time spent in this place.
 D = Time resting spent in this place.
 E = Time spent auto-exploring this place.
 F = Levels seen in this place.
 G = Mean time per level.
                   A        B        C        D        E       F      G
               +--------+--------+--------+--------+--------+-----+--------+
         Total |  36344 |  33294 |   3050 |  10510 |  14151 |  26 | 1397.8 |
       Dungeon |  21481 |  19647 |   1834 |   5871 |   9035 |  15 | 1432.1 |
          Lair |   9079 |   8311 |    768 |   2703 |   3072 |   5 | 1815.8 |
         Swamp |   3434 |   3253 |    181 |   1506 |   1146 |   4 |  858.5 |
  Orcish Mines |   2349 |   2083 |    266 |    430 |    898 |   2 | 1174.5 |
               +--------+--------+--------+--------+--------+-----+--------+

Top non-repeatable levels by time:
     D:8: 3137 daAuts
    D:10: 2625 daAuts
     D:9: 2425 daAuts
  Lair:5: 2319 daAuts
  Lair:4: 1963 daAuts
  Lair:3: 1820 daAuts
   Orc:2: 1775 daAuts
  Lair:2: 1755 daAuts
     D:7: 1642 daAuts
    D:13: 1484 daAuts
     D:5: 1422 daAuts
    D:12: 1404 daAuts
 Swamp:1: 1360 daAuts
     D:1: 1336 daAuts
    D:11: 1319 daAuts
